 Dungeon Crawl Stone Soup version 0.23.2-30-g0e89c35649 (webtiles) character file.

Game seed: 13809074317578076802

151 RadicalHijinx the Chiller (level 5, 0/35 HPs)
             Began as a Human Ice Elementalist on June 9, 2019.
             Slain by a mummy (14 damage)
             ... in an ossuary.
             The game lasted 00:08:42 (3388 turns).

RadicalHijinx the Chiller (Human Ice Elementalist)  Turns: 3388, Time: 00:08:42

Health: 0/35       AC:  8    Str:  9    XL:     5   Next: 59%
Magic:  9/9        EV: 17    Int: 16    God:
Gold:   121        SH:  0    Dex: 18    Spells: 2/10 levels left

rFire    . . .     SeeInvis .   b - +3 dagger (venom)
rCold    . . .     Gourm    .   (no shield)
rNeg     . . .     Faith    .   n - +3 leather armour
rPois    .         Spirit   .   (no helmet)
rElec    .         Reflect  .   e - scarf {repulsion}
rCorr    .         Harm     .   d - +1 pair of gloves
MR       .....                  (no boots)
Stlth    +++.......             (no amulet)
HPRegen  0.11/turn              (no ring)
MPRegen  0.11/turn              (no ring)

@: agile, hasted, repel missiles, very quick
A: no striking features
a: no special abilities


You were in an ossuary.
You were very hungry.

You visited 1 branch of the dungeon, and saw 4 of its levels.
You also visited: Ossuary.

You collected 121 gold pieces.

Inventory:

Hand Weapons
 b - a +3 dagger of venom (weapon)
Missiles
 h - 124 stones (quivered)
Armour
 a - a +0 robe
 d - a +1 pair of gloves (worn)
 e - a scarf of repulsion (worn)
 n - a +3 leather armour (worn)
Magical Staves
 j - an uncursed staff of earth
Jewellery
 g - a cursed +6 ring of intelligence {unknown}
Scrolls
 f - 2 scrolls of remove curse
 m - a scroll of teleportation
 r - 2 scrolls of identify
 s - a scroll of amnesia
Potions
 i - 2 potions of brilliance
 o - a potion of might {unknown}
 p - 2 potions of agility
 q - a potion of cancellation
Comestibles
 c - 4 rations


   Skills:
 - Level 2.0 Dodging
 - Level 2.0 Stealth
 + Level 3.0 Spellcasting
 + Level 1.9 Conjurations
 * Level 4.8 Ice Magic


You had 2 spell levels left.
You knew the following spells:

 Your Spells              Type           Power        Failure   Level  Hunger
a - Freeze                Ice            ###.         3%          1    #......
b - Ozocubu's Armour      Chrm/Ice       ##......     28%         3    ###....
c - Throw Icicle          Conj/Ice       ##......     54%         4    #####..

Your spell library contained the following spells:

 Spells                   Type           Power        Failure   Level  Hunger
 Throw Frost              Conj/Ice       ##....       10%         2    ##.....
 Magic Dart               Conj           #...         12%         1    #......
 Blink                    Tloc           N/A          36%         2    ##.....
 Call Imp                 Summ           #.......     36%         2    ##.....
 Slow                     Hex            #.......     36%         2    ##.....
 Conjure Flame            Conj/Fire      #.......     45%         3    ###....
 Mephitic Cloud           Conj/Pois/Air  #.......     52%         3    ###....
 Summon Ice Beast         Ice/Summ       ##......     67%         4    #####..


Dungeon Overview and Level Annotations

Branches:
Dungeon (4/15)
 Temple: D:4-7

Altars:


Message History

Unknown command.
The mummy closely misses you.
Unknown command.
You feel less invigorated.
You feel less confused.
Unknown command.
The mummy hits you.
* * * LOW HITPOINT WARNING * * *
Unknown command.
It was a potion of cancellation.
You feel magically purged.
Your magical contamination has completely faded away.
The mummy barely misses you.
It was a potion of agility.
You feel agile all of a sudden. The mummy closely misses you.
It was a potion of haste.
You feel yourself speed up.
You hit the mummy.
The mummy is heavily damaged.
The mummy hits you!
You die...

#####################
...................∩#
....................#
##'###'###'###'###..#
.#...#...#...#.M@#..#
##+#####+###+###.#..#
#.#..# ###..# #.'..#
#.#..# #.#Z.# ###..#
#.'Z.#


You could see a mummy.

Vanquished Creatures
  A hound skeleton (D:3)
  2 mummies
  5 adders
  An adder zombie (Ossuary)
  2 worms
  3 leopard geckos
  2 bats (D:2)
  4 giant cockroaches
  10 goblins
  4 hobgoblins
  4 jackals
  3 frilled lizards
  4 goblin zombies (Ossuary)
  2 hobgoblin zombies (Ossuary)
  7 kobolds
  4 kobold zombies (Ossuary)
  2 quokka zombies (Ossuary)
  2 rats (D:1)
  A rat zombie (Ossuary)
63 creatures vanquished.

Notes
Turn   | Place    | Note
-------+----------+-------------------------------------------
     0 | D:1      | RadicalHijinx the Human Ice Elementalist began the quest
                  | for the Orb.
     0 | D:1      | Reached XP level 1. HP: 13/13 MP: 3/3
   179 | D:1      | Reached XP level 2. HP: 19/19 MP: 5/5
   774 | D:2      | Reached XP level 3. HP: 24/24 MP: 6/6
  1018 | D:2      | Learned a level 3 spell: Ozocubu's Armour
  1027 | D:2      | Reached skill level 4 in Ice Magic
  1098 | D:2      | Reached XP level 4. HP: 30/30 MP: 7/7
  1108 | D:2      | Learned a level 4 spell: Throw Icicle
  2232 | D:3      | Reached XP level 5. HP: 33/35 MP: 9/9
  2518 | D:4      | Found a sand-covered staircase.
  2613 | Ossuary  | Entered an ossuary
  3388 | Ossuary  | Slain by a mummy

Skill      XL: |  1  2  3  4  5 |
---------------+----------------+-----
Ice Magic      | 4 |  4.8
Spellcasting   | 3 |  3.0
Dodging        | |  2.0
Stealth        | |  2.0
Conjurations   | |  1.9

Action                   |  1- 3 |  4- 6 || total
-------------------------+-------+-------++-------
Melee: Dagger            |    48 |   149 ||   197
Throw: Stone             |     1 |     5 ||     6
 Cast: Freeze            |     4 |     6 ||    10
       Ozocubu's Armour  |       |    10 ||    10
  Use: Scroll            |       |     6 ||     6
       Potion            |       |     4 ||     4
 Stab: Sleeping          |     7 |     5 ||    12
  Eat: Chunk             |       |     5 ||     5
       Ration            |       |     1 ||     1
Armor: Robe              |     9 |    11 ||    20
       Leather armour    |       |    19 ||    19
Dodge: Dodged            |    22 |    73 ||    95
       Deflected         |     1 |       ||     1
